Map: Deathaura LE

Players

Jerry - Winner!

  • Race: Protoss Protoss
  • League: Master
  • Spawn Location: 11:00

Eurystheus

  • Race: Terran Terran
  • League: Master
  • Spawn Location: 5:00

VOD

Have the link to the VOD?

Description

Proxy VoidRay

Time

  • Played on: Oct. 6, 2020, 2:51 p.m.
  • Length: 6:01
Show
View Real Time Build Order
Export as new Build Order

Jerry Protoss - Winner!

Build Orders: Proxy Void Ray 

Get SALT Encoding   

  12  0:00  Probe  
  13  0:12  Probe  
  14  0:17  Pylon  
  14  0:25  Probe  
  15  0:35  Gateway  
  15  0:38  Probe (Chrono Boost)  
  16  0:48  Probe (Chrono Boost)  
  17  0:50  Assimilator  
  17  0:53  Probe (Chrono Boost)  
  18  1:00  Assimilator  
  18  1:04  Probe  
  19  1:14  Assimilator  
  19  1:25  Zealot, Cybernetics Core  
  21  1:29  Probe  
  22  1:42  Probe  
  22  1:43  Pylon  
  23  1:50  Pylon  
  23  1:59  Adept (Chrono Boost)  
  25  2:02  Warp Gate  
  25  2:11  Stargate  
  25  2:15  Probe  
  26  2:23  Stalker  
  28  2:32  Probe  
  29  2:47  Gateway  
  29  2:50  Void Ray (Chrono Boost)  
  29  3:00  Pylon  
  33  3:18  Shield Battery x2  
  33  3:19  Void Ray (Chrono Boost)  
  37  3:37  Gateway  
  37  3:43  Shield Battery  
  37  3:52  Stalker  
  37  3:54  Sentry  
  41  4:00  Pylon  
  39  4:22  Stalker x2  
  37  4:32  Sentry  
  37  4:49  Shield Battery  
  37  4:50  Stalker x2  
  37  4:51  Shield Battery  
  41  4:59  Void Ray (Chrono Boost)  
  41  5:03  Zealot  
  47  5:20  Stalker  
  49  5:35  Shield Battery  
  47  5:36  Zealot x2  
  50  5:51  Zealot  
Show
View Real Time Build Order
Export as new Build Order

Eurystheus Terran 

Build Orders:  

Get SALT Encoding   

  12  0:03  SCV  
  13  0:15  SCV  
  13  0:18  Supply Depot  
  14  0:27  SCV  
  15  0:40  SCV  
  15  0:41  Barracks  
  16  0:44  Refinery  
  16  0:52  SCV  
  17  1:04  SCV  
  18  1:16  SCV  
  19  1:29  Reaper  
  19  1:30  Orbital Command  
  20  1:50  Barracks  
  20  1:55  Supply Depot  
  20  2:00  Marine  
  21  2:13  Factory  
  21  2:14  SCV  
  22  2:18  Marine  
  23  2:29  SCV  
  24  2:36  Marine  
  25  2:37  Marine  
  25  2:42  Engineering Bay  
  25  2:43  SCV  
  27  2:47  Supply Depot  
  27  2:54  Marine  
  27  2:55  Marine, SCV  
  30  3:01  Bunker  
  30  3:08  Widow Mine  
  30  3:09  Refinery  
  30  3:12  Marine  
  33  3:13  Marine  
  33  3:16  Missile Turret  
  33  3:17  Missile Turret  
  33  3:18  SCV  
  35  3:27  Supply Depot  
  35  3:30  SCV  
  35  3:39  Marine  
  35  3:40  Widow Mine  
  39  3:43  Starport  
  39  3:49  SCV  
  39  3:50  Barracks Tech Lab  
  39  3:53  Barracks  
  39  3:57  Starport  
  39  4:07  Barracks Reactor  
  35  4:24  Missile Turret  
  35  4:25  Missile Turret  
  35  4:27  Marine  
  35  4:28  Widow Mine  
  38  4:34  Supply Depot  
  38  4:35  Supply Depot  
  32  4:47  Marine  
  32  4:48  Marine x2  
  34  5:02  Widow Mine  
  34  5:06  Marine x2  
  35  5:13  Marine  
  33  5:30  Marine x2  
  33  5:33  Marine  
  35  5:42  Marine  
Tags
 
Add a new tag
Caveats
  • Supply blocks, unpowered buildings, or Contaminate may cause inaccurate times.
  • Supply counts are checked every 10 seconds.